AoeStats
← .ebz

Arena

509951558Analyzed
4v4 RM · 4d ago on Sep 28, 2026· 16m 49s· 8 players
Game mode
Random Map
Map size
Large (8 player)
Population
200
Speed
Normal
Resources
Standard
Victory
Conquest
Starting age
Dark Age
Ending age
Imperial Age
RankedLock teamsTeams togetherTeam positionsShared explorationLock speedFull tech treeHidden civsTurbo modeCheats
Victory
Defeat
🇫🇷 Poles · France
1132
+13
🇵🇱 Bulgarians · Poland
1109
+14
🇬🇧 Varangians · United Kingdom
1105
+15
🇪🇸 Danes · Spain
1059
+17
🇨🇱 Goths · Chile
1101
-15
🇺🇸 Berbers · United States
1095
-16
🇵🇪 Koreans · Peru
1050
-14
🇦🇷 Britons · Argentina
1046
-14
SammyDiamonds
10:02 Feudal Age
14:47 Castle Age
12:58 Horse Collar
13:11 Double-Bit Axe
16:34 Bow Saw
17:01 Heavy Plow
.ebz
10:50 Feudal Age
9:44 Loom
14:43 Castle Age
12:38 Double-Bit Axe
13:06 Horse Collar
13:39 Fletching
15:41 Bodkin Arrow
Strike90
9:39 Feudal Age
14:26 Castle Age
12:47 Double-Bit Axe
14:12 Loom
15:03 Wheelbarrow
15:16 Horse Collar
math-hbcn
10:25 Feudal Age
14:40 Castle Age
14:49 Double-Bit Axe
14:46 Horse Collar
BIG T +963
0:26 Loom
11:21 Feudal Age
16:16 Castle Age
14:36 Stone Mining
14:55 Horse Collar
16:48 Double-Bit Axe
Yisus Patitas Suaves
10:06 Feudal Age
14:20 Castle Age
12:49 Double-Bit Axe
13:19 Loom
15:17 Bow Saw
Jimmy Jay
11:08 Feudal Age
12:24 Double-Bit Axe
15:06 Castle Age
14:13 Horse Collar
14:27 Gold Mining
16:13 Wheelbarrow
15:43 Stone Mining
16:41 Bow Saw
EL PAJA
11:45 Feudal Age
15:47 Castle Age
15:53 Horse Collar
16:00 Double-Bit Axe
Connection lost

Rejoining the realm…

Still unreachable

The connection could not be restored.

Session expired

The server has moved on; the page needs a fresh start.